 Dungeon Crawl Stone Soup version 0.30-a0-12-gd8047c6341 (webtiles) character file.

Game seed: 9848233452997876215

11 Spectrina the Ducker (level 2, 0/19 HPs)
             Began as a Deep Elf Monk on Aug 24, 2022.
             Was the Champion of Ignis.
             Slain by a kobold
             ... wielding a +0 short sword
              (4 damage)
             ... on level 1 of the Dungeon.
             The game lasted 00:04:21 (419 turns).

Spectrina the Ducker (Deep Elf Monk)                 Turns: 419, Time: 00:04:22

Health: 0/19       AC:  2    Str:  8    XL:     2   Next: 17%
Magic:  4/4        EV: 13    Int: 14    God:    Ignis [******]
Gold:   14         SH:  0    Dex: 17    Spells: 1/1 levels left

rFire   + . .      SeeInvis .    a - +0 spear
rCold   . . .      Faith    .    (no shield)
rNeg    . . .      Spirit   .    b - +0 robe
rPois   .          Reflect  .    (no helmet)
rElec   .          Harm     .    (no cloak)
rCorr   .          Rampage  .    (no gloves)
Will    .....                    (no boots)
Stlth   ++........               (no amulet)
HPRegen 0.06/turn                (no ring)
MPRegen 0.09/turn                (no ring)

@: no status effects
A: no striking features
a: Renounce Religion, Fiery Armour, Foxfire Swarm, Rising Flame


You were on level 1 of the Dungeon.
You worshipped Ignis.
Ignis was exalted by your worship.
You visited 1 branch of the dungeon, and saw 2 of its levels.

You collected 14 gold pieces.

Inventory:

Hand Weapons
 a - a +0 spear (weapon)
Armour
 b - a +0 robe (worn)
Scrolls
 d - a scroll of magic mapping {unknown}
 f - a scroll of identify {unknown}
 g - a scroll of amnesia {unknown}
Potions
 c - a potion of ambrosia
 e - a potion of brilliance {unknown}
 h - a potion of heal wounds {unknown}


   Skills:
 + Level 3.0 Fighting
 - Level 2.1 Polearms
 - Level 3.6 Dodging
 - Level 2.4 Stealth


You had one spell level left.
You didn't know any spells.
Your spell library contained the following spells:

 Spells                   Type           Power      Damage    Failure   Level
 Beastly Appendage        Tmut           0%         N/A       28%         1
 Wereblood                Tmut           0%         N/A       41%         2
 Spider Form              Tmut/Pois      0%         N/A       65%         3


Dungeon Overview and Level Annotations

Branches:
Dungeon (2/15)

Altars:
Ignis


Message History

The giant cockroach is heavily wounded.
The giant cockroach waves its antennae.
The giant cockroach bites you.
You hit the giant cockroach.
You kill the giant cockroach!
Found 7 stones.
A jackal comes into view.
Found a stone staircase leading down.
The jackal barks!
You hear a shout!
You hear an angry hiss.
A jackal comes into view.
Unknown command.
A kobold comes into view. It is wielding a +0 short sword.
The jackal moves out of view.
You see here 7 stones.
The kobold throws a stone.
The stone hits you but does no damage.
Unknown command.
You completely miss the jackal. The jackal misses you.
You hit the jackal but do no damage.
The jackal bites you but does no damage.
You closely miss the jackal. The jackal bites you.
The jackal bites you but does no damage.
You hit the jackal.
The jackal is heavily wounded.
The jackal closely misses you.
You hit the jackal but do no damage.
The jackal is heavily wounded.
The jackal closely misses you.
You hit the jackal.
You kill the jackal!
You barely miss the kobold. The kobold barely misses you.
You hit the kobold but do no damage. The kobold hits you but does no damage.
You hit the kobold but do no damage.
The kobold hits you with a +0 short sword.
You miss the kobold. The kobold hits you but does no damage.
You closely miss the kobold.
The kobold hits you with a +0 short sword.
* * * LOW HITPOINT WARNING * * *
You barely miss the kobold.
The kobold hits you with a +0 short sword.
You die...

##.# #.######## ...#
#........# #..# .#.#
##.#####.# #..# ##.####.# #.#
#..# ##......# #.# #..#
######.# #.# #..#
#######†#####.# #..#
..............####### #..#
#### #######.........@K..#
#..###.....
#......######.###......###
####......######......(K....#
#.............##.#######.##...
#.#.......###.##.##### .# ..
#.#...#.#............. ..
#.##..#>#####.##.##### >##
#.##..#.# #.##.# .. #.##....#
#.##.# #.


You could see a kobold.

Vanquished Creatures
  A bat (D:1)
  A giant cockroach (D:1)
  2 hobgoblins (D:1)
  A jackal (D:1)
  A kobold (D:1)
  A quokka (D:1)
  2 ball pythons (D:1)
  A frilled lizard (D:1)
10 creatures vanquished.

Vanquished Creatures (others)
  2 withered plants (D:1)
2 creatures vanquished.

Grand Total: 12 creatures vanquished

Notes
Turn   | Place    | Note
-------+----------+-------------------------------------------
     0 | D:1      | Spectrina the Deep Elf Monk began the quest for the Orb.
     0 | D:1      | Reached XP level 1. HP: 13/13 MP: 3/3
    58 | D:1      | Found a faded altar of an unknown god.
    74 | D:1      | Prayed at the altar of an unknown god.
    74 | D:1      | Became a worshipper of Ignis, the Dying Flame
    74 | D:1      | Reached ****** piety under Ignis
   319 | D:1      | Reached XP level 2. HP: 8/19 MP: 4/4
   419 | D:1      | Slain by a kobold

Illustrated notes

Levels and vault maps discovered:
D:1:      dpeg_arrival_arbitrary_b, layout_loops_ring, serial_shops, shop,
          shapermc_ecumenical_altar_flowoftime
D:2:      layout_rooms, minmay_tree_intersection, nrook_loot_triangle,
          uniq_jessica

Skill      XL: |  1 |
---------------+----+-----
Fighting       | 3 |  3.0
Polearms       | |  2.1
Dodging        | |  3.6
Stealth        | |  2.4

Action                   || total
-------------------------++-------
Melee: Spear             ||    73
 Stab: Sleeping          ||     3
Armor: Robe              ||     9
Dodge: Dodged            ||    42

Table legend: (Time is in decaauts)
 A = Elapsed time spent in this place.
 B = Non-inter-level travel time spent in this place.
 C = Inter-level travel time spent in this place.
 D = Time resting spent in this place.
 E = Time spent auto-exploring this place.
 F = Levels seen in this place.
 G = Mean time per level.
                   A        B        C        D        E       F      G
               +--------+--------+--------+--------+--------+-----+--------+
         Total |    418 |    406 |     12 |      0 |      0 |   2 |  209.0 |
       Dungeon |    418 |    406 |     12 |      0 |      0 |   2 |  209.0 |
               +--------+--------+--------+--------+--------+-----+--------+

Top non-repeatable levels by time:
     D:1: 417 daAuts
     D:2: 1 daAuts
